 Dungeon Crawl Stone Soup version 0.30-a0-777-ga9a30cbeda (webtiles) character file.

Game seed: 12325907856240365551

4754 Leeroy the Carver (level 10, -3/46 HPs)
             Began as a Vine Stalker Warper on Feb 14, 2023.
             Was a Priest of Wu Jian.
             Slain by a boulder beetle (11 damage)
             ... on level 7 of the Dungeon.
             The game lasted 00:11:54 (5909 turns).

Leeroy the Carver (Vine Stalker Warper)             Turns: 5909, Time: 00:11:55

Health: -3/46      AC: 16    Str: 12 (13) XL:     10   Next: 46%
Magic:  0/17       EV:  3    Int: 11 (13) God:    Wu Jian [***...]
Gold:   333        SH:  0    Dex: 16 (19) Spells: 4/17 levels left

rFire   . . .      SeeInvis .    r - +7 Throatcutter {drain, coup de grace}
rCold   . . .      Faith    .    (no shield)
rNeg    + . .      Spirit   +    n - +0 plate armour
rPois   .          Reflect  .    s - +0 helmet
rElec   .          Harm     .    h - +0 cloak
rCorr   .          Rampage  .    p - +0 pair of gloves
Will    +....                    (no boots) Stlth
                                 (no amulet)
HPRegen 1.07/turn                k - ring of positive energy
MPRegen 0.15/turn                (no ring)

@: mighty, exhausted
A: fangs 3, regeneration 1, magic shield, antimagic bite, no potion heal 2
a: Renounce Religion, Wall Jump, Serpent's Lash


You were on level 7 of the Dungeon.
You worshipped Wu Jian.
Wu Jian was most pleased with you.
You visited 1 branch of the dungeon, and saw 7 of its levels.

You collected 333 gold pieces.

Inventory:

Hand Weapons
 a - a +0 falchion
 m - a +3 dagger of draining
 r - the +7 Throatcutter (weapon) {drain, coup de grace}
   (You found it on level 4 of the Dungeon)
 t - a +0 dagger of protection
 w - a +0 short sword of venom
 E - a +4 dagger
 F - a +0 dagger of venom
 I - a +1 spear of flaming
Missiles
 d - 7 boomerangs of dispersal
 q - 3 atropa-tipped darts (quivered)
 v - a boomerang
 y - 22 poisoned darts
Armour
 b - a +0 leather armour
 h - a +0 cloak (worn)
 n - a +0 plate armour (worn)
 p - a +0 pair of gloves (worn)
 s - a +0 helmet (worn)
 H - a +0 robe of positive energy
Jewellery
 k - a ring of positive energy (left hand)
Wands
 C - a wand of quicksilver (7)
Scrolls
 c - a scroll of blinking
 e - a scroll of silence {unknown}
 f - 2 scrolls of immolation {unknown}
 g - 4 scrolls of identify {unknown}
 j - 5 scrolls of teleportation {unknown}
 o - a scroll of noise {unknown}
 x - a scroll of vulnerability {unknown}
 z - a scroll of fear {unknown}
 D - 2 scrolls of amnesia {unknown}
Potions
 i - a potion of brilliance {unknown}
 l - a potion of degeneration
 u - a potion of cancellation
 A - 2 potions of heal wounds {unknown}
 B - a potion of flight {unknown}


   Skills:
 - Level 2.0 Fighting
 - Level 12.1 Long Blades
 - Level 0.8 Throwing
 + Level 5.2 Armour
 - Level 1.5 Dodging
 - Level 4.3 Spellcasting
 - Level 3.0 Translocations


You had 4 spell levels left.
You knew the following spells:

 Your Spells              Type           Power      Damage    Failure   Level
a - Blink                 Tloc           16%        N/A       100%        2
b - Vhi's Electric Charg  Tloc/Air       10%        N/A       100%        3
c - Manifold Assault      Tloc           8%         N/A       100%        4
d - Leda's Liquefaction   Hex/Erth       1%         N/A       100%        4

Your spell library contained the following spells:

 Spells                   Type           Power      Damage    Failure   Level
 Sting                    Tmut/Pois      8%         1d3       100%        1
 Lesser Beckoning         Tloc           16%        N/A       100%        2
 Poisonous Vapours        Pois/Air       4%         N/A       100%        2
 Teleport Other           Tloc           8%         N/A       100%        3
 Olgreb's Toxic Radiance  Pois           2%         N/A       100%        4
 Lee's Rapid Deconstruct  Erth           1%         3d4*      100%        5
 Statue Form              Tmut/Erth      1%         N/A       100%        6
 Storm Form               Tmut/Air       1%         N/A       100%        7


Dungeon Overview and Level Annotations

Branches:
Dungeon (7/15)             Temple (0/1) D:4

Altars:
Elyvilon
Gozag
Hepliaklqana
Okawaru
Ru
Wu Jian
The Shining One

Shops:
D:5 ?(


Innate Abilities, Weirdness & Mutations

You have razor-sharp teeth.
Your natural rate of healing is unusually fast.
When hurt, damage is shared between your health and your magic reserves.
Your bite disrupts and absorbs the magic of your enemies.
Potions cannot restore your health.


Message History

The cyclops is almost dead.
The cyclops hits you but does no damage.
You spin and attack the cyclops.
You slash the cyclops!
You kill the cyclops!
The Council accepts your kill. Something hits you!
Something bites you but does no damage.
Your Armour skill increases to level 5!
Unknown command.
You spin and attack the boulder beetle repeatedly.
You hit the boulder beetle but do no damage.
You bite the boulder beetle, but do no damage.
You hit the boulder beetle.
You bite the boulder beetle, but do no damage.
The boulder beetle is lightly wounded.
Something hits you but does no damage. Something bites you.
Something draws strength from your injuries!
The boulder beetle hits you!!
* * * LOW HITPOINT WARNING * * *
The boulder beetle stops rolling and uncurls.
Okay, then.
Okay, then.
Okay, then.
You hit the boulder beetle but do no damage.
The boulder beetle is lightly wounded.
The boulder beetle seems less drained.
Something hits you but does no damage. Something bites you but does no damage.
The boulder beetle barely misses you.
Okay, then.
Okay, then.
Throw: 3 darts (atropa)
Press: ? - help, Q - select action, (/) - cycle Shift-Dir - straight line, f - boulder beetle
Aim: a boulder beetle (lightly wounded, 90% to hit, chance to blind on hit: 3%)
Okay, then.
Okay, then.
Okay, then.
Okay, then.
You feel very mighty all of a sudden. Something hits you but does no damage.
Something bites you.
* * * LOW HITPOINT WARNING * * *
The boulder beetle bites you!
You die...

##........#♣.♣.♣# # ###
#.........#.♣.♣.#### ###
#####.####.........#♣.♣.♣#...
..###.......##..÷......#♣♣.♣♣♣.♣♣
...............[...............♣
.......................#♣♣.♣♣♣.♣♣
....(..................#♣.♣.♣#..V
..B.###........B).)....#.♣.♣.####
#..## ##........@......#♣.♣.♣#
#.## ##....#####.....#.♣.♣.# ..#
#...## #.....#♣.♣.♣# ..# #...#
#.....#.♣.♣.# .## #...#
#.....####### <# #...# #....## ##
##### ###..## ##### #...## #...#
####...##


You could see a boulder beetle.

Vanquished Creatures
  A two-headed ogre (D:7)
  2 cyclopes
  Sigmund (D:5)
  Eustachio (D:5)
  A wyvern (D:7)
  A steam dragon (D:7)
  Menkaure (D:6)
  A water moccasin (D:7)
  A sky beast (D:7)
  An ice beast (D:7)
  An orc warrior (D:7)
  2 ogres
  2 black bears (D:5)
  A centaur (D:6)
  4 phantoms
  2 kobold brigands
  A bullfrog (D:7)
  A gnoll sergeant (D:7)
  A necrophage (D:7)
  2 scorpions
  A wight (D:7)
  6 killer bees
  6 howler monkeys (D:7)
  A jelly (D:7)
  4 hounds
  2 orc priests
  5 iguanas
  3 orc wizards
  4 gnolls (D:3)
  8 adders
  2 shadow imps
  3 white imps
  3 ufetubi
  A worm (D:2)
  3 dart slugs
  15 orcs
  5 ball pythons
  4 endoplasms
  4 giant cockroaches
  6 hobgoblins
  5 jackals
  2 quokkas (D:2)
  7 bats
  3 frilled lizards
  7 goblins
  14 kobolds
152 creatures vanquished.

Vanquished Creatures (others)
  16 plants (D:7)
16 creatures vanquished.

Grand Total: 168 creatures vanquished

Notes
Turn   | Place    | Note
-------+----------+-------------------------------------------
     0 | D:1      | Leeroy the Vine Stalker Warper began the quest for the Orb.
     0 | D:1      | Reached XP level 1. HP: 11/11 MP: 4/4
    52 | D:1      | Reached skill level 2 in Long Blades
   142 | D:1      | Reached XP level 2. HP: 13/15 MP: 6/6
   605 | D:2      | Reached skill level 3 in Long Blades
   605 | D:2      | Reached XP level 3. HP: 18/18 MP: 7/7
   768 | D:2      | Found an ornate altar of the Wu Jian Council.
   802 | D:2      | Became a worshipper of the Wu Jian Council
  1092 | D:2      | Gained mutation: Your natural rate of healing is unusually
                  | fast. [Vine Stalker growth]
  1092 | D:2      | Reached XP level 4. HP: 23/23 MP: 8/8
  1476 | D:3      | Reached skill level 4 in Long Blades
  1527 | D:3      | Found a faded altar of an unknown god.
  1614 | D:3      | Reached * piety under Wu Jian
  1618 | D:3      | Reached XP level 5. HP: 15/26 MP: 10/10
  1675 | D:3      | Found an opulent altar of Gozag.
  1991 | D:3      | Learned a level 2 spell: Blink
  1995 | D:3      | Learned a level 3 spell: Vhi's Electric Charge
  2000 | D:3      | Learned a level 4 spell: Manifold Assault
  2029 | D:4      | Found the +7 Throatcutter {drain, coup de grace}
  2051 | D:4      | Found a white marble altar of Elyvilon.
  2052 | D:4      | Noticed an ogre
  2207 | D:4      | Noticed a phantom
  2220 | D:4      | Killed a phantom
  2305 | D:4      | Found a sacrificial altar of Ru.
  2507 | D:5      | Entered Level 5 of the Dungeon
  2518 | D:5      | Found Foeckon's Magic Scroll Shoppe.
  2518 | D:5      | Noticed Eustachio
  2519 | D:5      | Found Dudogh's Antique Weapon Shoppe.
  2525 | D:5      | Killed Eustachio
  2526 | D:5      | Reached skill level 5 in Long Blades
  2526 | D:5      | Reached XP level 6. HP: 27/30 MP: 10/13
  2800 | D:5      | Reached XP level 7. HP: 27/35 MP: 10/14
  2819 | D:4      | Reached skill level 6 in Long Blades
  3029 | D:5      | Reached skill level 7 in Long Blades
  3086 | D:5      | Noticed Sigmund
  3087 | D:5      | Killed Sigmund
  3088 | D:5      | Gained mutation: You have razor-sharp teeth. [Vine Stalker
                  | growth]
  3088 | D:5      | Reached XP level 8. HP: 39/39 MP: 15/15
  3133 | D:5      | Reached skill level 8 in Long Blades
  3331 | D:5      | Reached ** piety under Wu Jian
  3353 | D:5      | Learned a level 4 spell: Leda's Liquefaction
  3665 | D:6      | Reached skill level 9 in Long Blades
  3745 | D:4      | Found an iron altar of Okawaru.
  3828 | D:4      | Found a staircase to the Ecumenical Temple.
  4026 | D:6      | Noticed Menkaure
  4031 | D:6      | Killed Menkaure
  4032 | D:6      | Reached XP level 9. HP: 30/42 MP: 10/16
  4141 | D:6      | Found a hazy altar of Hepliaklqana.
  4175 | D:6      | Reached skill level 10 in Long Blades
  4894 | D:7      | Reached skill level 11 in Long Blades
  5111 | D:7      | Noticed a cyclops
  5127 | D:7      | Reached skill level 12 in Long Blades
  5301 | D:7      | Found a glowing golden altar of the Shining One.
  5641 | D:7      | Reached skill level 1 in Armour
  5641 | D:7      | Reached XP level 10. HP: 46/46 MP: 17/17
  5649 | D:7      | Noticed a boulder beetle
  5775 | D:6      | Killed a cyclops
  5775 | D:6      | Reached *** piety under Wu Jian
  5845 | D:7      | Noticed a two-headed ogre
  5856 | D:7      | Killed a two-headed ogre
  5861 | D:7      | Noticed a cyclops
  5906 | D:7      | Killed a cyclops
  5907 | D:7      | Reached skill level 5 in Armour
  5909 | D:7      | Slain by a boulder beetle

Illustrated notes

Levels and vault maps discovered:
D:1:      dpeg_arrival_pits, layout_rooms
D:2:      layout_loops_corners, basic_altar
D:3:      layout_rooms, mainiacjoe_overflow_brackets,
          shapermc_ecumenical_altar_gd
D:4:      layout_cave_pools, elyvilon_altar_5, nicolae_ru_awakened_eye,
          lemuel_tele_altar, minmay_temple_entry_fiery, nrook_mini_backslash
D:5:      layout_basic, nicolae_wooded_promenade, uniq_eustachio, uniq_sigmund
D:6:      layout_gridville, old_standard_altar, uniq_menkaure
D:7:      nzn_winding_woodlands_stair_cross
          [nzn_winding_woodlands_5x15_split_checker,
          nzn_winding_woodlands_center_triple_pond,
          nzn_winding_woodlands_5x15_jagged,
          nzn_winding_woodlands_5x5_perimeter,
          nzn_winding_woodlands_5x5_checkerboard,
          nzn_winding_woodlands_5x15_lazy_stream,
          nzn_winding_woodlands_center_garden,
          nzn_winding_woodlands_5x15_pockets], layout_layer_cave,
          nicolae_tso_carved_into_rock

Skill      XL: |  1  2  3  4  5  6  7  8  9 10 |
---------------+-------------------------------+-----
Long Blades    | 2 3 4 5 7 9 12 | 12.1
Fighting       | 2 |  2.0
Spellcasting   | 3 4 |  4.3
Armour         | 1 5 |  5.2
Throwing       | |  0.8
Dodging        | |  1.5
Translocations | |  3.0

Action                     |  1- 3 |  4- 6 |  7- 9 | 10-12 || total
---------------------------+-------+-------+-------+-------++-------
  Melee: Falchion          |   116 |    11 |       |       ||   127
         Bite              |    28 |    21 |    34 |    23 ||   106
         Dagger            |       |    45 |       |       ||    45
         Long sword        |       |    29 |   166 |    47 ||   242
  Throw: Dart              |       |       |    13 |     1 ||    14
 Invoke: Serpent's Lash    |       |       |       |     1 ||     1
Ability: Lunge             |     4 |     7 |    22 |     1 ||    34
         Whirlwind         |       |     2 |    16 |    14 ||    32
         Wall Jump         |       |       |       |     3 ||     3
    Use: Scroll            |       |       |     1 |     2 ||     3
         Potion            |       |       |       |     3 ||     3
   Stab: Sleeping          |     1 |       |       |       ||     1
 Armour: Leather armour    |    38 |     1 |       |       ||    39
         Plate armour      |       |    57 |   117 |    21 ||   195
  Dodge: Dodged            |    86 |    18 |    23 |     6 ||   133

Table legend: (Time is in decaauts)
 A = Elapsed time spent in this place.
 B = Non-inter-level travel time spent in this place.
 C = Inter-level travel time spent in this place.
 D = Time resting spent in this place.
 E = Time spent auto-exploring this place.
 F = Levels seen in this place.
 G = Mean time per level.
                   A        B        C        D        E       F      G
               +--------+--------+--------+--------+--------+-----+--------+
         Total |   5927 |   5474 |    453 |    640 |   3512 |   7 |  846.7 |
       Dungeon |   5927 |   5474 |    453 |    640 |   3512 |   7 |  846.7 |
               +--------+--------+--------+--------+--------+-----+--------+

Top non-repeatable levels by time:
     D:6: 1331 daAuts
     D:5: 955 daAuts
     D:2: 945 daAuts
     D:4: 805 daAuts
     D:3: 680 daAuts
     D:7: 669 daAuts
     D:1: 540 daAuts
